Get step-by-step instructions on how to execute this build order below. Start the game timer, and the build order will tick by so you can play in parallel with StarCraft on a second screen or mobile device.

Game Time

  0:00

Last Step

  N/A

Next Step

Upcoming Step



Don't want to look back and forth between 2 screens? Try out our Overwolf App, the Spawning Tool Build Advisor to get an in-game overlay with this build!

Complete Build Order

  12  0:15  Supply Depot  
  12  0:17  SCV  
  12  0:29  SCV  
  12  0:37  Barracks  
  12  0:43  SCV  
  12  0:44  Refinery  
  12  1:03  SCV  
  12  2:29  Marine  
  12  2:35  Orbital Command  
  12  2:39  Factory  
  12  3:52  Hellion